 Dungeon Crawl Stone Soup version 0.18.1-48-g4cf74bf (webtiles) character file.

144 torvon the Firebug (level 5, -10/32 HPs)
             Began as a Gargoyle Fire Elementalist on Aug 12, 2016.
             Was an Initiate of Fedhas.
             Engulfed by a cloud of flame (18 damage)
             ... on level 3 of the Dungeon.
             The game lasted 00:26:25 (2410 turns).

torvon the Firebug (Gargoyle Fire Elementalist)     Turns: 2410, Time: 00:26:26

Health: -10/32     AC:  6    Str: 11    XL:     5   Next: 27%
Magic:  4/8        EV: 12    Int: 17    God:    Fedhas [......]
Gold:   150        SH:  0    Dex: 10    Spells: 3 memorised, 1 level left

rFire  . . .     SeeInvis .     r - +2 dagger (pain)
rCold  . . .     Gourm    .     a - +0 robe
rNeg   + . .     Faith    .     (no shield)
rPois  ∞         Spirit   .     (no helmet)
rElec  +         Dismiss  .     (no cloak)
rCorr  .         Reflect  .     (no gloves)
SustAt .         Harm     .     (no boots)
MR     .....                    (no amulet)
Stlth  ++........               (no ring)
                                (no ring)

@: not resistant to hostile enchantments, unstealthy
A: negative energy resistance 1, electricity resistance, unbreathing,
petrification resistance, rot immunity, AC +4
a: Renounce Religion


You were on level 3 of the Dungeon.
You worshipped Fedhas.
Fedhas was noncommittal.
You were not hungry.

You visited 1 branch of the dungeon, and saw 3 of its levels.

You collected 150 gold pieces.

Inventory:

Hand Weapons
 r - a +2 dagger of pain (weapon)
Missiles
 h - 12 poisoned needles
Armour
 a - a +0 robe (worn)
 c - a +0 leather armour
 j - a +1 pair of boots
 m - a +0 cloak
Jewellery
 o - an uncursed ring of wizardry {unknown}
 v - an uncursed ring of poison resistance {unknown}
Wands
 s - a wand of flame (31/48)
Scrolls
 e - 2 scrolls of identify {unknown}
 p - a scroll of remove curse {unknown}
 q - a scroll of fog {unknown}
 u - a scroll of amnesia {unknown}
 w - a scroll of teleportation {unknown}
Potions
 d - a potion of haste {unknown}
 f - 2 potions of invisibility {unknown}
 g - a potion of agility {unknown}
 i - 2 potions of curing {unknown}
 l - 2 potions of degeneration {unknown}
 n - a potion of lignification {unknown}
 t - a potion of ambrosia {unknown}
Books
 b - a book of Flames

   Spells                             Type                      Level
   a - Flame Tongue                   Conjuration/Fire             1
   b - Throw Flame                    Conjuration/Fire             2
   c - Conjure Flame                  Conjuration/Fire             3
   d - Inner Flame                    Hexes/Fire                   3
   e - Sticky Flame                   Conjuration/Fire             4
   f - Fireball                       Conjuration/Fire             5
Comestibles
 k - a meat ration


   Skills:
 + Level 3.1 Fighting
 - Level 1.5 Dodging
 - Level 2.1 Stealth
 - Level 2.0 Spellcasting
 - Level 1.1 Conjurations
 * Level 4.8 Fire Magic


You had one spell level left.
You knew the following spells:

 Your Spells              Type           Power        Failure   Level  Hunger
a - Flame Tongue          Conj/Fire      ##...        10%         1    #......
b - Conjure Flame         Conj/Fire      ##......     21%         3    ###....
c - Inner Flame           Hex/Fire       #.......     24%         3    ###....


Dungeon Overview and Level Annotations

Branches:
Dungeon (3/15)

Altars:
Ashenzari
Fedhas


Innate Abilities, Weirdness & Mutations

You are resistant to torment.
Your stone body is resilient (AC +4).
You are immune to poison.
You resist negative energy.
You are resistant to electric shocks.
You can survive without breathing.
You are immune to petrification.
You are immune to rotting.


Message History

Casting: Flame Tongue
Confirm with . or Enter, or press ? or * to list all spells.
Aiming: Inner Flame
Press: ? - help, Shift-Dir - straight line, f - orc
Aim: an orc, wielding a flail (chance to defeat MR: 86%)
The orc is filled with an inner flame.
Casting: Inner Flame
Confirm with . or Enter, or press ? or * to list all spells.
Aiming: Flame Tongue
Press: ? - help, Shift-Dir - straight line, f/p - orc
Aim: an orc, wielding a flail (inner flame)
The flame tongue hits the orc.
The orc explodes!
The fiery explosion engulfs you!
Ouch! That really hurt!
* * * LOW HITPOINT WARNING * * *
You are engulfed in roaring flames.
Ouch! That really hurt!
You die...
Fedhas appreciates your contribution to the ecosystem.

##### #...#
####################...#
...>............@§.'...+
....#.##........§###...#
...................+.$..$..
...##.##.........###.[.##..#
#(.÷>......(.....# #...# .#
...###.......%...# #o..# .
..####...[.......# #o..#
.....#.....####### #...#
.###.#.....#


There were no monsters in sight!

Vanquished Creatures
  An orc wizard (D:2)
  6 adders (D:2)
  A worm (D:2)
  3 dart slugs
  A giant gecko (D:2)
  5 orcs
  3 bats
  3 giant cockroaches
  4 goblins
  5 hobgoblins
  4 jackals (D:2)
  9 kobolds
  A ball python (D:2)
  2 giant newts
  3 rats
51 creatures vanquished.

Vanquished Creatures (others)
  2 toadstools (D:2)
2 creatures vanquished.

Grand Total: 53 creatures vanquished

Notes
Turn   | Place    | Note
--------------------------------------------------------------
     0 | D:1      | torvon the Gargoyle Fire Elementalist began the quest for the Orb.
     0 | D:1      | Reached XP level 1. HP: 10/10 MP: 3/3
   170 | D:1      | Found a shattered altar of Ashenzari.
   172 | D:1      | Reached skill level 1 in Fighting
   172 | D:1      | Reached XP level 2. HP: 13/16 MP: 5/5
   848 | D:2      | Reached XP level 3. HP: 12/21 MP: 1/6
   904 | D:2      | Learned a level 3 spell: Conjure Flame
  1109 | D:2      | Reached skill level 4 in Fire Magic
  1109 | D:2      | Reached XP level 4. HP: 13/27 MP: 0/7
  1401 | D:2      | Found a blossoming altar of Fedhas.
  1439 | D:2      | Became a worshipper of Fedhas Madash
  1605 | D:2      | Learned a level 3 spell: Inner Flame
  2103 | D:3      | Reached XP level 5. HP: 26/32 MP: 5/8
  2410 | D:3      | Engulfed by a cloud of flame

Skill      XL: |  1  2  3  4 |
---------------+-------------+-----
Fighting       | 1 2 3 |  3.1
Fire Magic     | 4 |  4.8
Dodging        | |  1.5
Stealth        | |  2.1
Spellcasting   | |  2.0
Conjurations   | |  1.1

Action                   |  1- 3 |  4- 6 || total
-------------------------+-------+-------++-------
Melee: Club              |    22 |       ||    22
       Unarmed           |     1 |       ||     1
       Dagger            |    23 |    41 ||    64
 Cast: Flame Tongue      |    35 |    41 ||    76
       Conjure Flame     |     1 |     2 ||     3
       Inner Flame       |       |     2 ||     2
 Stab: Sleeping          |     1 |       ||     1
  Eat: Bread ration      |     1 |       ||     1
       Meat ration       |       |     1 ||     1
Armor: Robe              |    25 |    17 ||    42
Dodge: Dodged            |    59 |    38 ||    97
